 Dungeon Crawl Stone Soup version 0.31.0-32-g396128a36d (webtiles) character file.

Game seed: 2668463183122534743

870 hawla the Cutter (level 7, -5/36 HPs)
             Began as a Deep Elf Fire Elementalist on Apr 16, 2024.
             Was a Follower of Vehumet.
             Slain by a gnoll
             ... wielding a +0 halberd
              (8 damage)
             ... on level 6 of the Dungeon.
             The game lasted 00:11:51 (4728 turns).

hawla the Cutter (Deep Elf Fire Elementalist)       Turns: 4728, Time: 00:11:52

Health: -5/36      AC: 12    Str:  5    XL:     7   Next: 73%
Magic:  9/13       EV: 12    Int: 22    God:    Vehumet [*.....]
Gold:   138        SH:  0    Dex: 19    Spells: 5/12 levels left

rFire   . . .        k - +8 pair of quick blades "Gyre" and "Gimble" {protect}
rCold   + + .        (shield currently unavailable)
rNeg    . . .        d - +4 leather armour of Bucw {*Slow rC++ rCorr Dex+4}
rPois   .            (no helmet)
rElec   .            (no cloak)
rCorr   +            s - +0 pair of gloves
SInv    .            (no boots)
Will    .....        (no amulet)
Stlth   +++          q - ring of resist corrosion
HPRegen 0.26/turn    t - +4 ring of protection
MPRegen 0.13/turn

%: slow self (1%)
@: brilliant, very slightly contaminated
A: no striking features
a: Renounce Religion


You were on level 6 of the Dungeon.
You worshipped Vehumet.
Vehumet was aware of your devotion.
You visited 2 branches of the dungeon, and saw 7 of its levels.

You collected 348 gold pieces.
You spent 210 gold pieces at shops.

Inventory:

Hand Weapons
 k - the +8 pair of quick blades "Gyre" and "Gimble" (weapon) {protect}
   (You found it on level 3 of the Dungeon)
Armour
 a - a +1 robe
 d - the +4 leather armour of Bucw (worn) {*Slow rC++ rCorr Dex+4}
   (You found it on level 5 of the Dungeon)

   Dex+4:     It affects your dexterity (+4).
   rC++:      It greatly protects you from cold.
   rCorr:     It protects you from acid and corrosion.
   *Slow:     It may slow you when you take damage.
 s - a +0 pair of gloves (worn)
Jewellery
 q - a ring of resist corrosion (left hand)
 t - a +4 ring of protection (right hand)
Wands
 i - a wand of polymorph (2)
Scrolls
 f - a scroll of torment
 j - a scroll of revelation {unknown}
 m - a scroll of enchant armour
 o - 2 scrolls of enchant weapon
 r - a scroll of fog {unknown}
 u - a scroll of identify
Potions
 b - 2 potions of magic
 c - a potion of brilliance
 e - 4 potions of enlightenment {unknown}
 g - a potion of cancellation {unknown}
 h - 2 potions of degeneration {unknown}
 l - a potion of lignification {unknown}
 n - 2 potions of mutation {unknown}
 p - a potion of might {unknown}


   Skills:
 + Level 5.8 Short Blades
 - Level 1.0 Armour
 - Level 3.4 Dodging
 - Level 5.0 Stealth
 - Level 3.0 Spellcasting
 - Level 1.1 Conjurations
 + Level 5.8 Fire Magic
 - Level 1.8 Evocations


You had 5 spell levels left.
You knew the following spells:

 Your Spells              Type           Power      Damage    Failure   Level
a - Foxfire               Conj/Fire      100%       2x1d9     4%          1
b - Scorch                Fire           86%        2d8       2%          2
c - Flame Wave            Conj/Fire      27%        2d9       43%         4

Your spell library contained the following spells:

 Spells                   Type           Power      Damage    Failure   Level
 Magic Dart               Conj           48%        1d5       13%         1
 Inner Flame              Hex/Fire       24%        N/A       19%         3
 Volatile Blastmotes      Fire/Tloc      48%        2d14      19%         3
 Freeze                   Ice            16%        1d4       21%         1
 Call Imp                 Summ           8%         N/A       30%         2
 Sublimation of Blood     Necr           4%         N/A       30%         2
 Hailstorm                Conj/Ice       8%         3d5       43%         3
 Frozen Ramparts          Ice            8%         1d2       52%         3
 Summon Forest            Summ/Tloc      2%         N/A       99%         5
 Summon Mana Viper        Hex/Summ       4%         N/A       99%         5
 Summon Cactus Giant      Summ           2%         N/A       100%        6
 Summon Hydra             Summ           2%         N/A       100%        7


Dungeon Overview and Level Annotations

Branches:
Dungeon (6/15)             Temple (1/1) D:4

Altars:
Ashenzari
Cheibriados
Dithmenos
Elyvilon
Fedhas
Gozag
Hepliaklqana
Makhleb
Nemelex Xobeh
Okawaru
Qazlal
Ru
Sif Muna
Trog
Uskayaw
Vehumet
Wu Jian
Xom
Yredelemnul
Zin

Shops:
D:1 =   D:3 *

Annotations:
D:5 2 transporters


Message History

u - a scroll of identify An orc comes into view.
It is wielding a +0 flail.
The orc shouts!
You hear a shout!
An orc is nearby!
An orc is nearby!
An orc is nearby!
Casting: Foxfire (safe; 4% risk of failure)
Confirm with . or Enter, or press ? or * to list all spells.
Flames lash the orc.
You kill the orc!
Vehumet accepts your kill. 2 gnolls come into view.
There are monsters nearby!
There are monsters nearby!
There are monsters nearby! 2 gnolls come into view.
The gnoll moves out of view.
The gnoll shouts! x2
The gnoll hits you with a +0 flail!
Casting: Scorch (safe; 2% risk of failure)
Confirm with . or Enter, or press ? or * to list all spells.
Okay, then.
Okay, then.
Casting: Flame Wave (extremely dangerous; 43% risk of failure)
Confirm with . or Enter, or press ? or * to list all spells.
Casting: Flame Wave (extremely dangerous; 43% risk of failure)
Press: ? - help, Dir - look around, f - activate You miscast Flame Wave.
You are very lightly contaminated with residual magic.
There is a sudden and violent explosion of flames!
The gnoll shouts! x2
The gnoll hits you with a +0 flail.
The gnoll hits you from afar with a +0 halberd.
* * * LOW HITPOINT WARNING * * *
Okay, then.
You feel clever all of a sudden. The gnoll hits you with a +0 flail!
* * * LOW HITPOINT WARNING * * *
The gnoll hits you from afar with a +0 halberd!
You die...

.....##...<.....[..............
......
#........................
......
##.....................##
...##. #...................#.##
.. ##.................#####
#............#...####..
#...#........#.........
.##.##.g.g..........<#>.
.....#.@g............##.
........g......>....####
........#.##........##..
........#####....<......
..........#............#
.#........#......#....##
#....#.....##..##....##
##..##....)#....###..## ###
###...#....#.#..>#


You could see 4 gnolls.

Vanquished Creatures
  A sky beast (D:6)
  3 phantoms
  A gnoll sergeant (D:5)
  2 scorpions
  A jelly (D:5)
  A hound (D:5)
  2 iguanas
  2 orc wizards (D:6)
  3 gnolls (D:5)
  9 adders
  3 dart slugs
  2 ribbon worms
  9 orcs
  4 bats
  9 endoplasms
  A giant cockroach (D:3)
  8 goblins
  4 hobgoblins
  8 jackals
  7 kobolds
  A quokka (D:1)
  6 ball pythons
  2 frilled lizards (D:1)
  4 rats
93 creatures vanquished.

Vanquished Creatures (others)
  170 foxfires
170 creatures vanquished.

Grand Total: 263 creatures vanquished

Notes
Turn   | Place    | Note
-------+----------+-------------------------------------------
     0 | D:1      | hawla the Deep Elf Fire Elementalist began the quest for
                  | the Orb.
     0 | D:1      | Reached XP level 1. HP: 10/10 MP: 6/6
     6 | D:1      | Noticed a black bear
     6 | D:1      | Noticed a swamp drake
     6 | D:1      | Noticed a mana viper
     7 | D:1      | Noticed a hound
     7 | D:1      | Noticed a lindwurm
   190 | D:1      | Reached XP level 2. HP: 15/15 MP: 5/8
   193 | D:1      | Learned a level 2 spell: Scorch
   271 | D:1      | Reached skill level 1 in Evocations
   739 | D:1      | Reached XP level 3. HP: 19/19 MP: 3/9
   817 | D:1      | Found Hufoolan's Jewellery Emporium.
  1778 | D:3      | Found Ruulur's Assorted Antiques.
  1786 | D:3      | Bought a long bronze wand for 84 gold pieces
  1786 | D:3      | Bought a scroll labelled ZUBBEYZUAM for 21 gold pieces
  1866 | D:3      | Found the +8 pair of quick blades "Gyre" and "Gimble"
                  | {protect}
  2005 | D:3      | Reached skill level 1 in Short Blades
  2005 | D:3      | Reached XP level 4. HP: 24/24 MP: 10/10
  2076 | D:3      | Found a broken altar of Ashenzari.
  2753 | D:4      | Noticed a scorpion
  2760 | D:4      | Killed a scorpion
  2761 | D:4      | Reached XP level 5. HP: 28/28 MP: 5/11
  2837 | D:4      | Found a staircase to the Ecumenical Temple.
  2853 | Temple   | Entered the Ecumenical Temple
  2858 | Temple   | Became a worshipper of Vehumet
  3388 | D:3      | Bought a brass ring for 105 gold pieces
  3405 | D:5      | Entered Level 5 of the Dungeon
  3430 | D:5      | Reached XP level 6. HP: 32/32 MP: 6/12
  3655 | D:5      | Found a transporter.
  3672 | D:5      | Identified the +4 leather armour of Bucw {*Slow rC++ rCorr
                  | Dex+4}
  3688 | D:5      | Learned a level 4 spell: Flame Wave
  3921 | D:5      | Reached skill level 5 in Short Blades
  3928 | D:5      | Reached XP level 7. HP: 32/36 MP: 1/13
  4031 | D:5      | Found a transporter.
  4322 | D:6      | Reached skill level 1 in Armour
  4328 | D:6      | Reached * piety under Vehumet
  4328 | D:6      | Offered knowledge of Magic Dart by Vehumet.
  4329 | D:6      | Reached skill level 5 in Stealth
  4329 | D:6      | Reached skill level 5 in Fire Magic
  4728 | D:6      | Slain by a gnoll

Illustrated notes

Levels and vault maps discovered:
D:1:      onia_arrival_zoo_common, layout_loops_ring, serial_shops, shop
D:2:      layout_basic
D:3:      layout_basic, nicolae_overflow_crystal_walls, serial_shops,
          nicolae_shop_getting_attention
D:4:      layout_cave_pools, minmay_temple_entry_tees
D:5:      gammafunk_wand_slinger, layout_basic, item_on_display_a
D:6:      layout_cave_pools, uniq_pikel
Temple:   nicolae_temple_bog_church

Skill      XL: |  1  2  3  4  5  6  7 |
---------------+----------------------+-----
Evocations     | 1 |  1.8
Dodging        | 3 |  3.4
Fire Magic     | 4 5 |  5.8
Short Blades   | 1 3 4 5 |  5.8
Stealth        | 3 4 5 |  5.0
Armour         | 1 |  1.0
Spellcasting   | |  3.0
Conjurations   | |  1.1

Action                     |  1- 3 |  4- 6 |  7- 9 || total
---------------------------+-------+-------+-------++-------
  Melee: Unarmed           |     4 |       |       ||     4
         Pair of quick bla |    12 |    59 |    39 ||   110
   Cast: Foxfire           |    54 |    36 |     8 ||    98
         Scorch            |    17 |    18 |     7 ||    42
    Use: Scroll            |     8 |     4 |       ||    12
         Potion            |       |     2 |     1 ||     3
   Stab: Sleeping          |       |     2 |       ||     2
 Armour: Robe              |    11 |    16 |       ||    27
         Leather armour    |       |     2 |    17 ||    19
  Dodge: Dodged            |    11 |    24 |     6 ||    41
